 Dungeon Crawl Stone Soup version 0.16-a0-2652-gd333f3b (webtiles) character file.

83 RobertPalmer the Sneak (level 4, -3/29 HPs)
             Began as an Octopode Gladiator on Nov 23, 2014.
             Slain by an orc priest
             ... wielding a +0 short sword
              (6 damage)
             ... on level 3 of the Dungeon.
             The game lasted 00:04:20 (2123 turns).

RobertPalmer the Sneak (Octopode Gladiator)         Turns: 2123, Time: 00:04:20

Health: -3/29      AC:  1    Str: 19    XL:     4   Next: 44%
Magic:  4/4        EV: 13    Int: 11    God:
Gold:   87         SH:  0    Dex: 12    Spells: 0 memorised, 3 levels left

rFire  . . .     SeeInvis .     a - +0 trident
rCold  . . .     Clarity  .     (no shield)
rNeg   . . .     SustAb   .     c - +0 hat
rPois  .         Gourm    .     (no amulet)
rElec  .         Spirit   .     (no ring)
rCorr  .         Warding  .     (no ring)
rMut   .         Stasis   .     (no ring)
MR     .....                    (no ring)
Stlth  ++........               (no ring)
                                (no ring)
                                (no ring)
                                (no ring)

@: confused, mighty, flying, not resistant to hostile enchantments, unstealthy
A: almost no armour, amphibious, 8 rings, constrict 8, camouflage 1, gelatinous
body 1
a: no special abilities


You were on level 3 of the Dungeon.
You were not hungry.

You visited 1 branch of the dungeon, and saw 3 of its levels.

You collected 87 gold pieces.


Innate Abilities, Weirdness & Mutations

You cannot wear most types of armour.
You are amphibious.
You can wear up to eight rings at the same time.
You can use your tentacles to constrict many enemies at once.
Your skin changes colour to match your surroundings (Stealth).
Your rubbery body absorbs attacks (AC +1).


   Skills:
 - Level 2.0 Fighting
 - Level 3.0 Polearms
 - Level 2.0 Throwing
 - Level 3.0 Dodging
 + Level 5.7 Stealth


You had 3 spell levels left.
You didn't know any spells.

Inventory:

Hand weapons
 a - a +0 trident (weapon)
Missiles
 m - 8 poisoned needles
Armour
 c - a +0 hat (worn)
Jewellery
 d - an uncursed amulet of resist mutation {unknown}
 g - an uncursed ring of positive energy {unknown}
 j - a +4 ring of evasion {unknown}
Scrolls
 b - a scroll of remove curse {unknown}
 e - 3 scrolls of identify
 h - a scroll of enchant weapon {unknown}
 i - 2 scrolls of fog
 n - a scroll of random uselessness {unknown}
Comestibles
 f - a bread ration
 o - 3 meat rations
 q - a chunk of flesh {@w1}

Dungeon Overview and Level Annotations

Branches:
Dungeon (3/15)

Altars:

Annotations:
D:3 Grinder

#. .# ...## .#r.#
....# ###### #.#.#
#....# #.#.# #<# .
#.#@# #o.....#
##.#o####>#
#.o....###..<......#
#.).........#.######
##.....##...#.#
............#
#######...### ##.##
### #.#


You could see an orc priest and a rat.


Message History

You kill the orc!
The orc priest prays to Beogh.
You feel a wave of unholy energy pass over you.
The orc priest invokes the aid of Beogh against you.
Something smites you!
* * * LOW HITPOINT WARNING * * *
You see here 13 gold pieces.
You now have 87 gold pieces (gained 13).
A rat comes into view.
Drink which item? (? for menu, Esc to quit)
You feel very buoyant.
You fly up into the air.
It was a potion of flight.
Drink which item? (? for menu, Esc to quit)
You are confused.
It was a potion of confusion.
Drink which item? (? for menu, Esc to quit)
You feel very mighty all of a sudden.
It was a potion of might.
You closely miss the orc priest.
The orc priest hits you with a short sword.
* * * LOW HITPOINT WARNING * * *
You barely miss the orc priest. The orc priest barely misses you.
Unknown command.
You bump into the rock wall.
The orc priest hits you with a short sword.
* * * LOW HITPOINT WARNING * * *
You closely miss the orc priest. You squeeze the orc priest!
The orc priest is severely wounded.
The orc priest hits you with a short sword.
You die...

Action                   |  1- 3 |  4- 6 || total
-------------------------+-------+-------++-------
Melee: Trident           |    87 |    36 ||   123
Throw: Throwing net      |       |     4 ||     4
  Use: Potion            |       |     3 ||     3
       Scroll            |       |     2 ||     2
 Stab: Sleeping          |    11 |     3 ||    14
       Distracted        |     1 |       ||     1
  Eat: Chunk             |     1 |     3 ||     4

Vault maps used:
D:1:      dpeg_arrival_chambers_temple_mockup
D:3:      supply_closet_lemuel, grunt_ministairs_1, cheibrodos_gnoll_hut,
          uniq_grinder

Notes
Turn   | Place    | Note
--------------------------------------------------------------
     0 | D:1      | RobertPalmer, the Octopode Gladiator, began the quest for the Orb.
     0 | D:1      | Reached XP level 1. HP: 14/14 MP: 1/1
    93 | D:1      | Reached skill level 1 in Stealth
   208 | D:1      | Reached skill level 2 in Stealth
   235 | D:1      | Reached XP level 2. HP: 19/19 MP: 2/2
   517 | D:1      | Reached skill level 3 in Stealth
   965 | D:2      | Reached XP level 3. HP: 17/24 MP: 3/3
   987 | D:2      | Reached skill level 4 in Stealth
  1421 | D:2      | Reached skill level 5 in Stealth
  1461 | D:2      | Reached XP level 4. HP: 29/29 MP: 4/4
  1757 | D:3      | Noticed Grinder
  1767 | D:3      | Paralysed by Grinder for 3 turns
  2123 | D:3      | Slain by an orc priest

Vanquished Creatures
  2 adders (D:2)
  2 giant geckos
  8 orcs
  5 bats
  3 giant cockroaches
  10 goblins
  6 hobgoblins
  2 jackals (D:1)
  3 kobolds
  An ooze (D:2)
  A giant newt (D:1)
  6 rats
49 creatures vanquished.
